[Event "FIDE WCCC Girls-10 2024"]
[Site "Montesilvano"]
[Date "2024.11.18"]
[Round "3.22"]
[White "Zhang, Weiai"]
[Black "Tu, Tiffany"]
[Result "1/2-1/2"]
[ECO "C45"]
[WhiteElo "1488"]
[BlackElo "1687"]
[PlyCount "140"]
[EventDate "2024.11.18"]
[EventType "swiss"]
[EventCountry "ITA"]
[TimeControl "5400+30"]

1. e4 e5 2. Nf3 Nc6 3. d4 exd4 4. Nxd4 Nf6 5. Nxc6 bxc6 6. Bd3 Bc5 7. e5 Nd5 8. Qg4 g6 9. Bh6 d6 10. Qe2 Be6 11. exd6 cxd6 12. c4 Nb6 13. Nd2 Qh4 14. Bg7 Rg8 15. Bc3 Na4 16. Ne4 Nxc3 17. bxc3 O-O-O 18. O-O Bb6 19. Qf3 f5 20. Nc5 Bd7 21. Na4 Qf6 22. c5 dxc5 23. Qf4 Kb7 24. Rab1 Bc8 25. Nxc5+ Ka8 26. Bc4 Rge8 27. Na4 Qe5 28. Nxb6+ axb6 29. Qxe5 Rxe5 30. Rxb6 Rc5 31. Ba6 Bxa6 32. Rxa6+ Kb7 33. Ra3 Rd3 34. Rc1 Rcd5 35. Kf1 Rd2 36. Ke1 Rd7 37. Rb1+ Kc7 38. Ra7+ Kc8 39. Rxd7 Rxd7 40. a4 Ra7 41. Rb4 Ra5 42. Kd2 Kc7 43. Ke3 Kd6 44. Rh4 Ra7 45. a5 Rxa5 46. Rxh7 Re5+ 47. Kd4 Re2 48. Rg7 c5+ 49. Kd3 Re6 50. Ra7 Kd5 51. c4+ Ke5 52. Ra5 Rc6 53. Ke3 g5 54. g3 g4 55. f3 gxf3 56. Kxf3 Kd4 57. Kf4 Kxc4 58. Kxf5 Kb4 59. Ra1 c4 60. g4 c3 61. g5 c2 62. Rc1 Kb3 63. g6 Kb2 64. Rxc2+ Rxc2 65. g7 Rg2 66. Kf6 Kc3 67. Kf7 Rf2+ 68. Kg6 Rg2+ 69. Kf7 Rf2+ 70. Kg6 Rg2+ 1/2-1/2

[Event "FIDE WCCC Girls-10 2024"]
[Site "Montesilvano"]
[Date "2024.11.18"]
[Round "3.23"]
[White "Meng, Miranda"]
[Black "Minasyan, Arina"]
[Result "1-0"]
[ECO "A60"]
[WhiteElo "1675"]
[BlackElo "1545"]
[PlyCount "79"]
[EventDate "2024.11.18"]
[EventType "swiss"]
[EventCountry "ITA"]
[TimeControl "5400+30"]

1. d4 Nf6 2. c4 e6 3. g3 c5 4. d5 exd5 5. cxd5 d6 6. Nc3 Be7 7. e4 Bg4 8. Qb3 Qc7 9. Bg2 Nbd7 10. Be3 Ne5 11. Qc2 O-O 12. f4 Nc4 13. Bf2 Bd7 14. Nf3 Ng4 15. Qe2 Nxf2 16. Qxf2 f5 17. Qe2 Nb6 18. e5 Na4 19. Nxa4 Bxa4 20. O-O Qb6 21. Rfe1 Rfe8 22. e6 Bf6 23. Rab1 Bb5 24. Qc2 Rac8 25. Qxf5 Bc4 26. b3 Bb5 27. Kh1 Rf8 28. e7 Rfe8 29. a4 Ba6 30. Qe6+ Kh8 31. Qxc8 Bb5 32. axb5 Qxb5 33. Qf5 h6 34. Nh4 Bxh4 35. Qf8+ Rxf8 36. exf8=Q+ Kh7 37. Be4+ g6 38. Qf7+ Kh8 39. Bxg6 Qd7 40. Qf8# 1-0

[Event "FIDE WCCC Girls-10 2024"]
[Site "Montesilvano"]
[Date "2024.11.18"]
[Round "3.24"]
[White "Constantin-Ciuntu, Anne-Sophie"]
[Black "Mence, Jasmina"]
[Result "1-0"]
[ECO "C70"]
[WhiteElo "1672"]
[BlackElo "1542"]
[PlyCount "84"]
[EventDate "2024.11.18"]
[EventType "swiss"]
[EventCountry "ITA"]
[TimeControl "5400+30"]

1. e4 e5 2. Nf3 Nc6 3. Bb5 a6 4. Ba4 b5 5. Bb3 Na5 6. Nc3 d6 7. d3 Nf6 8. Bg5 Be7 9. Qd2 Bd7 10. Ne2 Nxb3 11. axb3 Bg4 12. Ng3 Bxf3 13. gxf3 d5 14. Nf5 d4 15. Nxg7+ Kd7 16. f4 exf4 17. Qxf4 Rg8 18. e5 Ne8 19. Qxd4+ Kc8 20. Qg4+ Qd7 21. Qxd7+ Kxd7 22. Bxe7 Kxe7 23. Nxe8 Raxe8 24. Rxa6 Kd7 25. f4 Rg4 26. Rf6 Re7 27. Kf2 Rg6 28. Rxg6 fxg6 29. c4 Rf7 30. Ke3 Kc6 31. d4 bxc4 32. bxc4 Rf8 33. b4 Rb8 34. d5+ Kd7 35. Rb1 Ra8 36. Kd4 Ra2 37. e6+ Ke7 38. Kc5 Rxh2 39. Kc6 Rc2 40. c5 h5 41. Kxc7 h4 42. d6+ Ke8 1-0

[Event "FIDE WCCC Girls-10 2024"]
[Site "Montesilvano"]
[Date "2024.11.18"]
[Round "3.25"]
[White "Mandukhai, Munkhbat"]
[Black "Isakhanyan, Nare"]
[Result "0-1"]
[ECO "B22"]
[WhiteElo "1645"]
[BlackElo "1540"]
[PlyCount "54"]
[EventDate "2024.11.18"]
[EventType "swiss"]
[EventCountry "ITA"]
[TimeControl "5400+30"]

1. e4 c6 2. c4 d5 3. exd5 cxd5 4. cxd5 Qxd5 5. Nc3 Qd8 6. Nf3 Nf6 7. d4 e6 8. a3 Be7 9. Bd3 O-O 10. O-O b6 11. Re1 Bb7 12. Ne5 Nc6 13. Nxc6 Bxc6 14. Bc2 Qc7 15. Be3 Rfd8 16. Rc1 Qb7 17. f3 Nd5 18. Qd3 g6 19. Bb3 Bf6 20. Ne4 Bg7 21. Bg5 Ne7 22. Be3 Nf5 23. Kh1 Nxd4 24. Bxd4 Rxd4 25. Qe2 Rad8 26. Rc2 Qd7 27. Rec1 Rd1+ 0-1

[Event "FIDE WCCC Girls-10 2024"]
[Site "Montesilvano"]
[Date "2024.11.18"]
[Round "3.26"]
[White "Camacho Chavez, Nirvana"]
[Black "Ivanova, Darina"]
[Result "1/2-1/2"]
[ECO "B76"]
[WhiteElo "1638"]
[BlackElo "1516"]
[PlyCount "82"]
[EventDate "2024.11.18"]
[EventType "swiss"]
[EventCountry "ITA"]
[TimeControl "5400+30"]

1. e4 c5 2. Nf3 Nc6 3. d4 cxd4 4. Nxd4 g6 5. Nc3 Bg7 6. Be3 Nf6 7. Bc4 O-O 8. Bb3 d6 9. f3 Qb6 10. Nf5 Qa5 11. Nxg7 Kxg7 12. Qd2 Kg8 13. O-O Be6 14. Bg5 Rad8 15. Bh6 Rfe8 16. Qg5 Qxg5 17. Bxg5 Nd4 18. Rfd1 Bxb3 19. cxb3 Ne6 20. Bh6 Rc8 21. Rac1 g5 22. Nd5 Nxd5 23. exd5 Nf4 24. Rxc8 Rxc8 25. Bxg5 Ng6 26. Rd2 f6 27. Be3 b6 28. Kf2 Ne5 29. h3 f5 30. f4 Nd7 31. b4 Nf6 32. Kf3 Rc4 33. a3 h5 34. g3 Ne4 35. Rd3 Rc2 36. b3 Rh2 37. h4 Rh3 38. Bf2 Rh2 39. Bg1 Ra2 40. a4 Ra3 41. b5 Rxb3 1/2-1/2

[Event "FIDE WCCC Girls-10 2024"]
[Site "Montesilvano"]
[Date "2024.11.18"]
[Round "3.27"]
[White "Pambieri, Nicole"]
[Black "Bayramova, Aya"]
[Result "0-1"]
[ECO "A38"]
[WhiteElo "1482"]
[BlackElo "1634"]
[PlyCount "138"]
[EventDate "2024.11.18"]
[EventType "swiss"]
[EventCountry "ITA"]
[TimeControl "5400+30"]

1. c4 c5 2. Nf3 Nf6 3. g3 g6 4. Bg2 Nc6 5. Nc3 Bg7 6. O-O O-O 7. d3 d6 8. Bd2 e5 9. Rb1 Bd7 10. Ng5 h6 11. Nge4 Ne8 12. Nb5 Be6 13. Be1 a6 14. Nbc3 f5 15. Nd2 f4 16. a3 a5 17. Nde4 Qd7 18. Nb5 Nd4 19. Nxd4 cxd4 20. b4 fxg3 21. hxg3 a4 22. c5 d5 23. c6 bxc6 24. Nc5 Qe7 25. Nxe6 Qxe6 26. b5 Nf6 27. b6 Rfb8 28. Rb4 c5 29. Rxa4 Qxb6 30. Rxa8 Rxa8 31. a4 Qb2 32. Bd2 Ra7 33. Qc1 Qxc1 34. Rxc1 Bf8 35. Ra1 Kf7 36. a5 Ke7 37. g4 Kd6 38. e3 Nxg4 39. exd4 exd4 40. Rb1 Ra6 41. Rb5 Be7 42. Rb7 g5 43. f4 Ne3 44. Rb5 Nxg2 45. Kxg2 Kc6 46. Rb1 gxf4 47. Bxf4 Bg5 48. Bxg5 hxg5 49. Kg3 Rxa5 50. Kg4 c4 51. Rc1 Rc5 52. Kxg5 c3 53. Rc2 Ra5 54. Kf4 Rb5 55. Kf3 Rb2 56. Rc1 Rd2 57. Rh1 Rxd3+ 58. Ke2 Re3+ 59. Kf2 c2 60. Rc1 Rc3 61. Ke2 d3+ 62. Kd2 Rb3 63. Rh1 Rb1 64. Rh6+ Kc5 65. Kxd3 c1=Q 66. Rc6+ Kxc6 67. Ke2 Qc3 68. Kf2 Rb2+ 69. Kf1 Qc1# 0-1

[Event "FIDE WCCC Girls-10 2024"]
[Site "Montesilvano"]
[Date "2024.11.18"]
[Round "3.28"]
[White "Vitsiuk, Aleksandra"]
[Black "Li, Wan Qin"]
[Result "0-1"]
[ECO "B53"]
[WhiteElo "1476"]
[BlackElo "1628"]
[PlyCount "98"]
[EventDate "2024.11.18"]
[EventType "swiss"]
[EventCountry "ITA"]
[TimeControl "5400+30"]

1. e4 c5 2. Nf3 d6 3. d4 cxd4 4. Qxd4 Nc6 5. Bb5 Bd7 6. Bxc6 Bxc6 7. Nc3 e6 8. O-O Nf6 9. Bg5 e5 10. Qd3 h6 11. Bxf6 Qxf6 12. Rad1 Be7 13. Nb5 O-O 14. Na3 Rad8 15. c4 Qg6 16. Rfe1 f5 17. Nd2 fxe4 18. Nxe4 d5 19. Ng3 e4 20. Qb3 Bc5 21. Rd2 d4 22. Nc2 e3 23. fxe3 dxe3 24. Rde2 Rd3 25. Qxd3 Qxd3 26. Nxe3 Re8 27. Ngf1 Bb4 28. Kf2 Bxe1+ 29. Kxe1 Bxg2 30. Rxg2 Rxe3+ 31. Nxe3 Qxe3+ 32. Re2 Qc1+ 33. Kf2 Qxc4 34. b3 Qf4+ 35. Ke1 Kh7 36. Kd1 Qf1+ 37. Kd2 Qa1 38. Ke3 a5 39. Kd3 h5 40. Rc2 Kh6 41. Kc4 Qe5 42. Kd3 g5 43. Re2 Qd5+ 44. Kc3 g4 45. Kb2 h4 46. Ka3 g3 47. Ka4 g2 48. Re1 g1=Q 49. Rxg1 Qd4+ 0-1

[Event "FIDE WCCC Girls-10 2024"]
[Site "Montesilvano"]
[Date "2024.11.18"]
[Round "3.30"]
[White "Afandi, Sadagul"]
[Black "Kuvandikova, Nafisa"]
[Result "1/2-1/2"]
[ECO "B43"]
[WhiteElo "1625"]
[BlackElo "1512"]
[PlyCount "120"]
[EventDate "2024.11.18"]
[EventType "swiss"]
[EventCountry "ITA"]
[TimeControl "5400+30"]

1. e4 c5 2. Nf3 e6 3. d4 cxd4 4. Nxd4 a6 5. Nc3 Qc7 6. a3 Nf6 7. f3 Be7 8. Be3 d6 9. Qd2 Bd7 10. g4 h6 11. h4 b5 12. Bd3 Nc6 13. Ke2 Ne5 14. Rag1 O-O-O 15. b3 Kb8 16. Na2 d5 17. g5 hxg5 18. hxg5 dxe4 19. fxe4 Nfg4 20. Bf4 Bd6 21. Nf3 Rxh1 22. Rxh1 Nxd3 23. Bxd6 Qxd6 24. cxd3 Bc6 25. Nb4 Bb7 26. Rg1 Ne5 27. Qf4 Nxf3 28. Qxd6+ Rxd6 29. Kxf3 a5 30. Nc2 Rxd3+ 31. Kf4 Rxb3 32. Rh1 Rc3 33. Nd4 Rc4 34. Rd1 b4 35. axb4 axb4 36. e5 b3 37. Ke3 b2 38. Rb1 Rb4 39. Kd3 Kc7 40. Kc3 Rb6 41. Rxb2 Rxb2 42. Kxb2 Kb6 43. Kc3 Kc5 44. Kd3 Kd5 45. Nf3 Ba6+ 46. Ke3 Bf1 47. Kf4 Be2 48. Nd2 Bc4 49. Nf3 Be2 50. Nd2 Bd1 51. Ne4 Bc2 52. Nf2 Kd4 53. Ng4 Bg6 54. Nf2 Bf5 55. Nd1 Kd3 56. Ne3 g6 57. Ng2 Ke2 58. Ne3 Kd3 59. Ng2 Kd4 60. Ne3 Bh3 1/2-1/2

[Event "FIDE WCCC Girls-10 2024"]
[Site "Montesilvano"]
[Date "2024.11.18"]
[Round "3.31"]
[White "Shtepa, Liubov"]
[Black "Sobirova, Mumtozbegim"]
[Result "0-1"]
[ECO "B24"]
[WhiteElo "1615"]
[BlackElo "1476"]
[PlyCount "90"]
[EventDate "2024.11.18"]
[EventType "swiss"]
[EventCountry "ITA"]
[TimeControl "5400+30"]

1. e4 c5 2. Nc3 e6 3. g3 g6 4. Bg2 Bg7 5. Nge2 Ne7 6. O-O O-O 7. d3 Nbc6 8. Be3 b6 9. d4 cxd4 10. Nxd4 Bb7 11. f4 f5 12. e5 a6 13. Nxc6 Bxc6 14. Qd6 Nc8 15. Qd2 Qc7 16. Rad1 Rd8 17. Na4 Rb8 18. Qc3 Na7 19. Bxc6 Nxc6 20. Rd3 Bf8 21. a3 d6 22. exd6 Rxd6 23. Rfd1 Rxd3 24. Rxd3 Bg7 25. Qb3 Qe7 26. Nxb6 Kh8 27. Qa4 Qe8 28. Qxa6 Rd8 29. b4 Rxd3 30. Qxd3 e5 31. b5 exf4 32. gxf4 Na5 33. Qd2 Nb7 34. a4 Nd6 35. c4 Qe4 36. c5 Nf7 37. c6 Qb1+ 38. Kf2 Qh1 39. Kg3 g5 40. Qf2 Nd6 41. Kh3 Ne4 42. Qe2 g4+ 43. Kh4 Bf6+ 44. Kh5 Ng3+ 45. Kh6 Nxe2 0-1

[Event "FIDE WCCC Girls-10 2024"]
[Site "Montesilvano"]
[Date "2024.11.18"]
[Round "3.33"]
[White "Milojevic, Dunja"]
[Black "Kovacikova, Simona"]
[Result "1-0"]
[ECO "D35"]
[WhiteElo "1610"]
[BlackElo "1412"]
[PlyCount "75"]
[EventDate "2024.11.18"]
[EventType "swiss"]
[EventCountry "ITA"]
[TimeControl "5400+30"]

1. d4 d5 2. c4 e6 3. Nc3 Nf6 4. cxd5 exd5 5. Bg5 Be6 6. Qb3 Nbd7 7. e3 c6 8. Bd3 b6 9. Nf3 h6 10. Bh4 g5 11. Bg3 Nh5 12. Rc1 Nxg3 13. hxg3 Bg7 14. Qc2 O-O 15. Kf1 Qf6 16. Bh7+ Kh8 17. Bd3 Kg8 18. Bh7+ Kh8 19. Bd3 Kg8 20. Bh7+ Kh8 21. Bd3 Rfe8 22. Re1 Bg4 23. Nh2 Bh5 24. Bf5 Nf8 25. b4 Re7 26. b5 Qd6 27. g4 Bg6 28. Nf3 Rc7 29. Nxg5 Qd8 30. Bxg6 Qxg5 31. Bf5 cxb5 32. Qb3 Rd8 33. Rh5 Qe7 34. Nxd5 Rxd5 35. Qxd5 Qg5 36. Qb3 Qe7 37. Qd5 a6 38. g5 1-0

[Event "FIDE WCCC Girls-10 2024"]
[Site "Montesilvano"]
[Date "2024.11.18"]
[Round "3.36"]
[White "Aragonda, Sahasra"]
[Black "Billod-Laillet, Camille"]
[Result "1-0"]
[ECO "D05"]
[WhiteElo "1526"]
[BlackElo "1732"]
[PlyCount "87"]
[EventDate "2024.11.18"]
[EventType "swiss"]
[EventCountry "ITA"]
[TimeControl "5400+30"]

1. d4 d5 2. Nf3 Nf6 3. e3 e6 4. Bd3 c5 5. b3 Nc6 6. Bb2 Bd6 7. Nbd2 O-O 8. O-O Qc7 9. c4 b6 10. dxc5 Be7 11. cxb6 axb6 12. a3 Ba6 13. Qc2 h6 14. Rac1 Rfc8 15. Qb1 Qa7 16. b4 Bb7 17. cxd5 Nxd5 18. Nc4 Rc7 19. Rfd1 Rac8 20. Nfe5 Ba8 21. Rc2 Qb7 22. Be4 Nxe5 23. Bxe5 Rxc4 24. Rxc4 Rxc4 25. Qb3 Rc8 26. Qb2 f6 27. Bg3 Qc6 28. h3 Qc3 29. Qe2 f5 30. Bf3 Qxa3 31. e4 Nc3 32. Qe3 Bxe4 33. Bxe4 fxe4 34. Qxb6 Kf7 35. Rd7 Ne2+ 36. Kh2 Nc3 37. Kg1 Ne2+ 38. Kh2 Nxg3 39. fxg3 Ke8 40. Qxe6 Qxb4 41. Ra7 Rb8 42. Qg8+ Bf8 43. Qf7+ Kd8 44. Qd7# 1-0

[Event "FIDE WCCC Girls-10 2024"]
[Site "Montesilvano"]
[Date "2024.11.18"]
[Round "3.37"]
[White "Minzat, Victoria"]
[Black "Sun, Yucan(Sd)"]
[Result "1/2-1/2"]
[ECO "B22"]
[WhiteElo "1505"]
[BlackElo "1725"]
[PlyCount "82"]
[EventDate "2024.11.18"]
[EventType "swiss"]
[EventCountry "ITA"]
[TimeControl "5400+30"]

1. e4 c5 2. Nf3 Nc6 3. c3 d5 4. exd5 Qxd5 5. d3 Nf6 6. Be2 Bf5 7. O-O e6 8. Re1 Rd8 9. d4 cxd4 10. cxd4 Bxb1 11. Rxb1 Qxa2 12. Be3 Bb4 13. Rf1 O-O 14. Qc2 h6 15. Bc4 Qa5 16. Ra1 Qc7 17. Rfc1 Qb8 18. Qa4 a5 19. Bb5 Na7 20. Bd3 b5 21. Qd1 Nd5 22. h3 Rd7 23. Qe2 Rfd8 24. Ne5 Rd6 25. Rc2 f5 26. g3 Ra6 27. Qh5 Qb7 28. Qg6 Nxe3 29. fxe3 Bd6 30. Rac1 Bxe5 31. dxe5 Qf7 32. Qxf7+ Kxf7 33. Bf1 Rd5 34. Rc5 g5 35. Kh1 a4 36. Rc7+ Ke8 37. R7c5 Rxc5 38. Rxc5 a3 39. bxa3 Rxa3 40. Bxb5+ Nxb5 41. Rxb5 Rxe3 1/2-1/2

[Event "FIDE WCCC Girls-10 2024"]
[Site "Montesilvano"]
[Date "2024.11.18"]
[Round "3.38"]
[White "Blakhina Viktoryia"]
[Black "Giss, Annika"]
[Result "1-0"]
[ECO "B22"]
[WhiteElo "1436"]
[BlackElo "1586"]
[PlyCount "35"]
[EventDate "2024.11.18"]
[EventType "swiss"]
[EventCountry "ITA"]
[TimeControl "5400+30"]

1. e4 c5 2. c3 Nf6 3. e5 Nd5 4. d4 cxd4 5. Qxd4 e6 6. Bd3 Nc6 7. Qe4 d6 8. Nf3 Be7 9. O-O f5 10. Qe2 O-O 11. Rd1 Qc7 12. c4 Nb6 13. Bf4 Nd7 14. exd6 Qd8 15. Qxe6+ Kh8 16. dxe7 Nxe7 17. Bd6 Re8 18. Ng5 1-0

[Event "FIDE WCCC Girls-10 2024"]
[Site "Montesilvano"]
[Date "2024.11.18"]
[Round "3.39"]
[White "Foong, Livia"]
[Black "Macchia-Shahar, Yali"]
[Result "0-1"]
[ECO "D02"]
[WhiteElo "1461"]
[BlackElo "1564"]
[PlyCount "118"]
[EventDate "2024.11.18"]
[EventType "swiss"]
[EventCountry "ITA"]
[TimeControl "5400+30"]

1. d4 d5 2. Nf3 Nf6 3. Bf4 Bf5 4. e3 e6 5. Be2 c6 6. O-O Be7 7. c4 h6 8. Nc3 O-O 9. Qd2 Nbd7 10. Rac1 Nh5 11. Bg3 Nxg3 12. hxg3 Nf6 13. Rfe1 c5 14. b3 Re8 15. Ne5 Ne4 16. g4 Nxd2 17. gxf5 Ne4 18. fxe6 fxe6 19. cxd5 exd5 20. Nxe4 dxe4 21. Bc4+ Kh7 22. Bf7 Rf8 23. Bg6+ Kg8 24. dxc5 Qd2 25. Rf1 Qd8 26. Rfe1 Qd2 27. Rf1 Bh4 28. g3 Bxg3 29. fxg3 Qxe3+ 30. Kg2 Rxf1 31. Rxf1 Qd2+ 32. Rf2 Qg5 33. Bf7+ Kh8 34. Nc4 e3 35. Re2 Rf8 36. Be6 Rf2+ 37. Rxf2 exf2 38. Kxf2 Qf6+ 39. Kg2 Qxe6 40. Kf2 Qf5+ 41. Ke2 Qxc5 42. Kd3 Qf2 43. Nd2 Qxg3+ 44. Kc2 Qd6 45. Nc4 Qc5 46. Kb2 b5 47. Nd2 Qb4 48. Nb1 g5 49. a3 Qf4 50. Ka1 g4 51. a4 bxa4 52. bxa4 g3 53. a5 g2 54. a6 g1=Q 55. Kb2 Qfe3 56. Nc3 Qgc1+ 57. Ka2 Qcxc3 58. Kb1 Qee1+ 59. Ka2 Qea1# 0-1

[Event "FIDE WCCC Girls-10 2024"]
[Site "Montesilvano"]
[Date "2024.11.18"]
[Round "3.41"]
[White "Mamarasulova, Yasmina"]
[Black "Serradell Munoz, Silvia"]
[Result "1-0"]
[ECO "E56"]
[WhiteElo "1444"]
[BlackElo "1670"]
[PlyCount "123"]
[EventDate "2024.11.18"]
[EventType "swiss"]
[EventCountry "ITA"]
[TimeControl "5400+30"]

1. d4 Nf6 2. c4 e6 3. Nc3 Bb4 4. e3 O-O 5. Bd3 c5 6. Nf3 Nc6 7. O-O d5 8. Ne5 cxd4 9. Nxc6 bxc6 10. exd4 Ba6 11. cxd5 Bxd3 12. Qxd3 cxd5 13. Bg5 h6 14. Bh4 Be7 15. a3 Rb8 16. b4 Nd7 17. Bxe7 Qxe7 18. Na4 Rfc8 19. Rab1 Qd6 20. Nc5 Nxc5 21. dxc5 Qd7 22. Rfc1 Qb5 23. Qxb5 Rxb5 24. a4 Rb7 25. c6 Rb6 26. b5 Kf8 27. a5 Rbb8 28. Kf1 Ke7 29. Ke2 Kd6 30. Kd3 e5 31. g3 g5 32. Rh1 f5 33. h4 g4 34. Rhc1 h5 35. Rc2 Ra8 36. Rbc1 Rab8 37. Rb1 Rc7 38. a6 Rb6 39. Rcc1 Rc8 40. Rc2 Kc7 41. Rc5 Rd8 42. Rb4 Kd6 43. Rc1 Rdb8 44. Rb2 Kc7 45. Rc5 Rd8 46. Rc1 Rd6 47. Rbb1 Rd8 48. Rc5 Kd6 49. c7 Rc8 50. Rbc1 f4 51. gxf4 exf4 52. Kd4 Kd7 53. Rxd5+ Rd6 54. Rxd6+ Kxd6 55. Ke4 g3 56. fxg3 fxg3 57. Kf3 Kd7 58. Kxg3 Rg8+ 59. Kf4 Rg4+ 60. Kf5 Kc8 61. b6 axb6 62. Ra1 1-0

[Event "FIDE WCCC Girls-10 2024"]
[Site "Montesilvano"]
[Date "2024.11.18"]
[Round "3.42"]
[White "Muradli, Sabira"]
[Black "Song, Rina"]
[Result "1-0"]
[ECO "B13"]
[WhiteElo "1430"]
[BlackElo "1599"]
[PlyCount "75"]
[EventDate "2024.11.18"]
[EventType "swiss"]
[EventCountry "ITA"]
[TimeControl "5400+30"]

1. e4 c6 2. d4 d5 3. exd5 cxd5 4. Bd3 Nc6 5. Nf3 Bg4 6. c3 Qc7 7. O-O e6 8. Bb5 Nf6 9. Qd3 Bd6 10. h3 Bf5 11. Qd1 O-O 12. Be3 a6 13. Bd3 Bxd3 14. Qxd3 b5 15. Nbd2 Qb6 16. Ne5 Qb7 17. Nb3 Nxe5 18. dxe5 Bxe5 19. Nc5 Qc7 20. b4 Rfd8 21. Rac1 Qe7 22. Bd4 Bxd4 23. cxd4 Qa7 24. Rfe1 Qb6 25. Re2 Nd7 26. Nxd7 Rxd7 27. Rec2 Rdd8 28. Rc6 Qb8 29. Rc7 Ra7 30. R7c6 e5 31. Qf5 g6 32. Qg4 Ra8 33. Rc7 Qb6 34. dxe5 d4 35. Qf4 Qe6 36. R1c6 Qxa2 37. Rf6 Rf8 38. e6 1-0

[Event "FIDE WCCC Girls-10 2024"]
[Site "Montesilvano"]
[Date "2024.11.18"]
[Round "3.43"]
[White "Damaso Tacoronte, Carolina"]
[Black "Gastaldo, Agathe"]
[Result "0-1"]
[ECO "B07"]
[WhiteElo "1875"]
[BlackElo "1589"]
[PlyCount "52"]
[EventDate "2024.11.18"]
[EventType "swiss"]
[EventCountry "ITA"]
[TimeControl "5400+30"]

1. e4 d6 2. d4 Nf6 3. Nc3 g6 4. Bc4 Bg7 5. Qe2 O-O 6. Bg5 e5 7. dxe5 dxe5 8. Nf3 Bg4 9. h3 Bxf3 10. Qxf3 c6 11. a4 Nbd7 12. O-O-O Qc7 13. g4 a6 14. h4 b5 15. axb5 axb5 16. Bb3 Ra1+ 17. Nb1 Rfa8 18. h5 Qa5 19. c3 Nc5 20. Bc2 Qa2 21. Bxf6 Nb3+ 22. Bxb3 Rxb1+ 23. Kc2 Rxb2+ 24. Kd3 Qxb3 25. Rd2 Qc4+ 26. Ke3 Qxc3+ 0-1

[Event "FIDE WCCC Girls-10 2024"]
[Site "Montesilvano"]
[Date "2024.11.18"]
[Round "3.44"]
[White "Guerra Mansilla, Maria Ignacia"]
[Black "Yang, Haeun"]
[Result "1-0"]
[ECO "A30"]
[WhiteElo "1545"]
[BlackElo "1475"]
[PlyCount "177"]
[EventDate "2024.11.18"]
[EventType "swiss"]
[EventCountry "ITA"]
[TimeControl "5400+30"]

1. c4 c5 2. d3 d6 3. Nc3 Nc6 4. g3 Nf6 5. Bg2 e5 6. e4 Be6 7. Nge2 Be7 8. O-O Qd7 9. f4 Bh3 10. f5 Bxg2 11. Kxg2 Rg8 12. Qa4 g6 13. Nd5 gxf5 14. exf5 Nh5 15. f6 Bd8 16. a3 Qg4 17. Qc2 Rg6 18. Qd2 Nxf6 19. Nxf6+ Bxf6 20. Qe3 O-O-O 21. Qf3 Qe6 22. Qf5 Rdg8 23. Qxe6+ fxe6 24. Nc3 Rd8 25. Ne4 Bg7 26. Bd2 b6 27. Bg5 Rd7 28. Nf6 Rf7 29. Ne4 Rd7 30. Bd2 d5 31. cxd5 exd5 32. Nc3 Na5 33. Rae1 c4 34. dxc4 Nxc4 35. Bc1 d4 36. Ne4 d3 37. Nd2 Nxd2 38. Bxd2 Rc6 39. Bc3 d2 40. Rd1 Bh6 41. Rf2 Rcd6 42. Re2 Rd5 43. Rxe5 Rxe5 44. Bxe5 Re7 45. Bf4 Bxf4 46. gxf4 Rd7 47. Kf3 Kc7 48. Ke2 Rd4 49. Ke3 Rd5 50. Rxd2 Rxd2 51. Kxd2 Kd6 52. Ke3 Ke6 53. Ke4 Kf6 54. f5 h5 55. Kf4 a5 56. a4 h4 57. h3 Kf7 58. Kg5 Kg7 59. f6+ Kf7 60. Kxh4 Kxf6 61. Kg4 Kg6 62. Kf4 Kf6 63. Ke4 Ke6 64. Kd4 Kd6 65. Kc4 Kc6 66. h4 Kd6 67. Kb5 Ke6 68. Kxb6 Kf5 69. Kxa5 Kg4 70. b4 Kxh4 71. b5 Kg5 72. b6 Kf4 73. b7 Ke4 74. b8=Q Kd4 75. Qb4+ Ke5 76. Qc4 Kd6 77. Qb5 Ke6 78. Qc5 Kd7 79. Qb6 Kc8 80. Qa7 Kd8 81. Qb7 Ke8 82. Qc7 Kf8 83. Qd7 Kg8 84. Qe7 Kh8 85. Kb6 Kg8 86. a5 Kh8 87. a6 Kg8 88. a7 Kh8 89. a8=Q# 1-0

[Event "FIDE WCCC Girls-10 2024"]
[Site "Montesilvano"]
[Date "2024.11.18"]
[Round "3.46"]
[White "Deviatkova, Diana"]
[Black "Khelfallah, Ikhlas"]
[Result "1/2-1/2"]
[ECO "C58"]
[WhiteElo "1503"]
[BlackElo "1449"]
[PlyCount "57"]
[EventDate "2024.11.18"]
[EventType "swiss"]
[EventCountry "ITA"]
[TimeControl "5400+30"]

1. e4 e5 2. Nf3 Nc6 3. Bc4 Nf6 4. Ng5 d5 5. exd5 Na5 6. d3 Nxd5 7. Bxd5 Qxd5 8. Nf3 Be7 9. Nc3 Qe6 10. Bd2 a6 11. O-O O-O 12. Re1 Nc6 13. d4 Qg6 14. Kh1 Bg4 15. dxe5 Nd4 16. Bf4 Nxc2 17. Rc1 Nxe1 18. Qxe1 Bxf3 19. gxf3 c6 20. Bg3 Rad8 21. Ne4 Rfe8 22. Qf1 Qf5 23. Nd6 Qxf3+ 24. Kg1 Bxd6 25. exd6 h6 26. Rd1 Qe2 27. Qxe2 Rxe2 28. Rf1 Rxb2 29. d7 1/2-1/2